 Dungeon Crawl Stone Soup version 0.30.0-18-gc0e69614cb (webtiles) character file.

Game seed: 14076025887920697583

10259 Brutalitops the Unseen (level 11, -18/49 HPs)
             Began as a Spriggan Transmuter on May 25, 2023.
             Was a High Priest of Hepliaklqana.
             Killed from afar by Jorgrun (47 damage)
             ... with an iron shot
             ... on level 2 of the Orcish Mines.
             The game lasted 00:42:03 (12007 turns).

Brutalitops the Unseen (Spriggan Transmuter)       Turns: 12007, Time: 00:42:04

Health: -18/49     AC:  6    Str: 14    XL:     11   Next: 33%
Magic:  0/16       EV: 22    Int: 15    God:    Hepliaklqana [*****.]
Gold:   667        SH:  5    Dex: 18    Spells: 14/15 levels left

rFire   + + .        v - +0 rapier (elec)
rCold   + . .        C - +0 buckler
rNeg    . . .        n - +0 acid dragon scales
rPois   .            (helmet restricted)
rElec   .            A - scarf {rC+ rF+}
rCorr   +            (gloves unavailable)
SInv    +            (boots unavailable)
Will    +....        h - amulet of guardian spirit
Stlth   ++++++       r - +6 ring of strength
HPRegen 0.28/turn    u - ring of protection from fire
MPRegen 0.15/turn

%: guardian spirit
@: very quick
A: reduced essence, very small, no large weapons, unfitting armour, see
invisible, speed 3
a: Renounce Religion, Recall Ancestor, Ancestor Identity, Transference, Idealise


You were on level 2 of the Orcish Mines.
You worshipped Hepliaklqana.
Hepliaklqana was extremely pleased with you.
You visited 2 branches of the dungeon, and saw 13 of its levels.
You also visited: Bailey.

You collected 875 gold pieces.
You spent 208 gold pieces at shops.

Inventory:

Hand Weapons
 c - a +3 hand axe
 d - a +1 dagger of speed
 i - a +0 spectral dagger
 v - a +0 rapier of electrocution (weapon)
Missiles
 x - 2 throwing nets
Armour
 a - a +1 robe
 n - +0 acid dragon scales (worn)
 A - a scarf of resistance (worn)
 C - a +0 buckler (worn)
Jewellery
 h - an amulet of guardian spirit (around neck)
 r - a +6 ring of strength (left hand)
 u - a ring of protection from fire (right hand)
 H - a ring of resist corrosion
Wands
 o - a wand of polymorph (17)
 s - a wand of charming (8)
 z - a wand of acid (2)
Scrolls
 g - 7 scrolls of teleportation
 q - 4 scrolls of amnesia
 w - 2 scrolls of fog
 y - a scroll of enchant armour
 F - 2 scrolls of fear
Potions
 b - 2 potions of lignification
 e - 9 potions of heal wounds
 f - 6 potions of curing
 j - 7 potions of brilliance
 k - 3 potions of invisibility
 l - 4 potions of mutation
 m - 2 potions of might
 p - 2 potions of resistance
 t - 2 potions of flight {unknown}
 B - 2 potions of haste {unknown}
 D - 2 potions of magic {unknown}
 E - a potion of cancellation {unknown}
 G - a potion of berserk rage {unknown}


   Skills:
 + Level 5.0 Fighting
 + Level 10.9 Short Blades
 - Level 1.4 Axes
 + Level 1.7 Armour
 + Level 9.4 Dodging
 + Level 15.9 Stealth
 + Level 2.7 Shields
 - Level 2.4 Unarmed Combat
 - Level 2.6 Spellcasting
 - Level 2.6 Transmutations
 + Level 0.9 Evocations


You had 14 spell levels left.
You knew the following spells:

 Your Spells              Type           Power      Damage    Failure   Level
a - Beastly Appendage     Tmut           20%        N/A       13%         1

Your spell library contained the following spells:

 Spells                   Type           Power      Damage    Failure   Level
 Wereblood                Tmut           10%        N/A       21%         2
 Magic Dart               Conj           8%         1d3       36%         1
 Necrotise                Necr           8%         1d4       36%         1
 Call Imp                 Summ           4%         N/A       52%         2
 Cigotuvi's Dreadful Rot  Necr/Pois/Air  4%         N/A       52%         2
 Spider Form              Tmut/Pois      6%         N/A       56%         3
 Ignite Poison            Fire/Tmut/Pois 4%         N/A       63%         3
 Mephitic Cloud           Conj/Pois/Air  2%         N/A       75%         3
 Vampiric Draining        Necr           2%         2d6       75%         3
 Ice Form                 Ice/Tmut       6%         N/A       92%         4
 Cause Fear               Hex            1%         N/A       98%         4
 Alistair's Intoxication  Tmut/Pois      4%         N/A       99%         5
 Agony                    Necr           2%         N/A       100%        5
 Borgnjor's Vile Clutch   Necr/Erth      1%         N/A       100%        5
 Fireball                 Conj/Fire      1%         3d3       100%        5
 Freezing Cloud           Conj/Ice/Air   1%         6-21      100%        5
 Iskenderun's Battlesphe  Conj           2%         2d6       100%        5
 Conjure Ball Lightning   Conj/Air       1%         3x3d6     100%        6
 Eringya's Noxious Bog    Tmut/Pois      3%         N/A       100%        6
 Dragon Form              Tmut           5%         N/A       100%        7
 Orb of Destruction       Conj           1%         9d5       100%        7
 Dragon's Call            Summ           1%         N/A       100%        9


Dungeon Overview and Level Annotations

Branches:
Dungeon (11/15)            Temple (0/1) D:6            Lair (0/5) D:9
    Orc (2/2) D:11            Elf (0/3) Orc:2        Bailey (visited)

Altars:
Dithmenos
Gozag
Hepliaklqana
Qazlal
Vehumet
Xom
Yredelemnul
The Shining One

Shops:
D:6 (   D:8 [

Annotations:
D:4 Blork the orc
Orc:2 Jorgrun


Innate Abilities, Weirdness & Mutations

Your life essence is reduced to manifest your ancestor. (-10% HP)
You are very small and have problems with some larger weapons.
You are too small for most types of armour.
You have supernaturally acute eyesight. (SInv)
You cover ground extremely quickly. (Speed+++)


Message History

Done exploring.
You see here a bat corpse.
There is a stone staircase leading down here.
Imgur-Sin is recalled.
You climb downwards.
Level annotation: Jorgrun The troll shouts!
The troll misses you. The troll claws you but does no damage.
The troll barely misses you. The orc misses you.
The orc knight roars a battlecry!
The orcs go into a battle-frenzy!
You block the orc's attack. The orc warrior completely misses you.
The orc warrior hits Imgur-Sin with a +0 war axe.
You block the orc's attack.
There is a stone staircase leading up here.
The troll closely misses you. The troll completely misses you.
The troll claws you! You block the orc's attack.
Imgur-Sin closely misses the orc knight.
You block the orc's attack.
The orc high priest hits you from afar with a +0 glaive!!
Found 7 gold pieces.
The orc closely misses Imgur-Sin.
Imgur-Sin hits the orc knight with a +0 quarterstaff!
A magic dart appears from out of your range of vision.
The magic dart hits Imgur-Sin!
Imgur-Sin points at the troll and mumbles some strange words.
The stone arrow hits the orc!
The orc dies!
A puff of flame appears from out of your range of vision.
The puff of flame hits Imgur-Sin.
Imgur-Sin resists.
Imgur-Sin points at the troll and mumbles some strange words.
The puff of frost hits the troll!
The orc high priest calls upon Beogh to heal the orc knight.
The orc knight's wounds heal themselves!
Jorgrun closely misses you.
Found a staircase to the Elven Halls.
Jorgrun gestures at you while chanting. The iron shot hits you!!!
Ouch! That really hurt!
You die...

... ...... ....#..
#....>. .......
....... .......
....... .......
.......
.......##.......
................
........@O...$#
#.............#
###.........#.##
#.......g...## ..
.............# ...
............####...
......#............
......#oo..........
......##...........


You could see Jorgrun, an orc knight, an ogre (asleep) and an orc (strong).

Vanquished Creatures
  A two-headed ogre (D:10)
  An orc knight (Bailey)
  An ugly thing (D:11)
  2 trolls
  A shadow (D:11)
  7 yaks
  2 wraiths
  2 wyverns
  3 vampire mosquitoes
  An acid dragon (D:11)
  An orc warrior (D:11)
  A water moccasin (D:7)
  A sky beast (D:8)
  A black bear (D:7)
  An ogre (Orc:1)
  2 centaurs
  A bullfrog (D:7)
  A gnoll sergeant (D:9)
  2 scorpions (D:7)
  3 wights (D:6)
  2 vampire bats (Orc:1)
  A howler monkey (D:8)
  A gnoll bouda (D:7)
  3 orc priests
  5 hounds
  A jelly (D:5)
  Jessica (D:3)
  2 iguanas
  4 orc wizards
  12 gnolls
  An adder (D:4)
  2 white imps
  3 ufetubi
  A dart slug (D:2)
  42 orcs
  4 ball pythons
  7 endoplasms
  7 giant cockroaches
  8 goblins
  5 hobgoblins
  2 jackals (D:1)
  3 quokkas
  6 bats
  5 frilled lizards
  7 kobolds
  3 rats
173 creatures vanquished.

Vanquished Creatures (collateral kills)
  A two-headed ogre (D:10)
  Psyche (D:10)
  A troll (D:10)
  6 yaks
  Eustachio (D:4)
  2 vampire mosquitoes
  Edmund (D:4)
  A warg (Orc:1)
  An acid dragon (D:10)
  Duvessa (D:7)
  A black bear (D:6)
  4 orc warriors
  A sky beast (D:7)
  3 ogres
  A kobold brigand (D:8)
  A scorpion (D:4)
  2 wights (D:6)
  Dowan (D:7)
  A vampire bat (Orc:1)
  A hound (D:5)
  2 orc priests (D:3)
  A sleepcap (D:4)
  Ijyb (D:4)
  3 orc wizards
  3 adders
  4 gnolls
  An ufetubus (D:7)
  29 orcs
  An endoplasm (D:3)
  A goblin (D:4)
  2 hobgoblins (D:2)
  A quokka (D:4)
  2 bats
  A frilled lizard (D:2)
  6 kobolds
  A rat (D:2)
91 creatures vanquished.

Vanquished Creatures (others)
  5 battlemagi
5 creatures vanquished.

Grand Total: 269 creatures vanquished

Notes
Turn   | Place    | Note
-------+----------+-------------------------------------------
     0 | D:1      | Brutalitops the Spriggan Transmuter began the quest for the
                  | Orb.
     0 | D:1      | Reached XP level 1. HP: 9/9 MP: 5/5
    55 | D:1      | Reached skill level 1 in Fighting
    59 | D:1      | Reached XP level 2. HP: 11/14 MP: 6/6
   279 | D:1      | Reached skill level 1 in Axes
   434 | D:1      | Found a faded altar of an unknown god.
   442 | D:1      | Prayed at the altar of an unknown god.
   442 | D:1      | Became a worshipper of Hepliaklqana the Forgotten
   442 | D:1      | Reached * piety under Hepliaklqana
   487 | D:1      | Reached XP level 3. HP: 16/16 MP: 8/8
  1107 | D:2      | Reached skill level 1 in Stealth
  1430 | D:2      | Reached ** piety under Hepliaklqana
  1431 | D:2      | Remembered your ancestor Imgur-Sin as a battlemage
  1777 | D:2      | Reached XP level 4. HP: 18/19 MP: 9/9
  2007 | D:3      | Noticed Jessica
  2016 | D:3      | Killed Jessica
  2017 | D:3      | Reached skill level 1 in Short Blades
  2017 | D:3      | Reached skill level 2 in Stealth
  2609 | D:3      | Reached skill level 3 in Stealth
  2609 | D:3      | Reached XP level 5. HP: 16/23 MP: 4/10
  2713 | D:4      | Noticed Edmund
  2880 | D:4      | Noticed Ijyb
  2897 | D:4      | Killed Ijyb
  2920 | D:4      | Reached skill level 4 in Stealth
  3073 | D:4      | Reached XP level 6. HP: 15/27 MP: 7/11
  3146 | D:4      | Noticed Blork the orc
  3323 | D:4      | Found a glowing golden altar of the Shining One.
  3705 | D:4      | Noticed Eustachio
  3724 | D:4      | Killed Eustachio
  3725 | D:4      | Reached skill level 5 in Dodging
  3725 | D:4      | Reached skill level 5 in Stealth
  3862 | D:4      | Killed Edmund
  3863 | D:4      | Reached skill level 6 in Stealth
  3863 | D:4      | Reached XP level 7. HP: 23/31 MP: 6/12
  4078 | D:5      | Entered Level 5 of the Dungeon
  4162 | D:5      | Reached skill level 7 in Stealth
  4205 | D:5      | Reached *** piety under Hepliaklqana
  4234 | D:5      | Found a radiant altar of Vehumet.
  4469 | D:5      | Found a stormy altar of Qazlal.
  4582 | D:5      | Reached skill level 5 in Short Blades
  4582 | D:5      | Reached skill level 8 in Stealth
  4722 | D:5      | Found an opulent altar of Gozag.
  4894 | D:6      | Reached XP level 8. HP: 31/35 MP: 10/13
  5096 | D:6      | Found a shadowy altar of Dithmenos.
  5205 | D:6      | Found Ziheucri's Antique Weapon Shop.
  5384 | D:6      | Reached **** piety under Hepliaklqana
  5436 | D:6      | Found a staircase to the Ecumenical Temple.
  5618 | D:6      | Reached skill level 9 in Stealth
  5920 | D:7      | Found a shimmering altar of Xom.
  6063 | D:7      | Noticed Dowan
  6082 | D:7      | Killed Dowan
  6138 | D:7      | Noticed Duvessa
  6205 | D:7      | Reached XP level 9. HP: 39/39 MP: 14/14
  6245 | D:7      | Killed Duvessa
  6444 | D:7      | Reached skill level 10 in Stealth
  7329 | D:8      | Reached skill level 11 in Stealth
  7688 | D:8      | Found Goon's Antique Armour Emporium.
  7696 | D:8      | Bought an embroidered scarf for 208 gold pieces
  7707 | D:8      | Reached ***** piety under Hepliaklqana
  8042 | D:9      | Found a flagged portal.
  8055 | Bailey   | Entered a bailey
  8225 | Bailey   | Noticed an orc knight
  8229 | Bailey   | Killed an orc knight
  8230 | Bailey   | Reached skill level 12 in Stealth
  8230 | Bailey   | Reached XP level 10. HP: 45/45 MP: 15/15
  8369 | D:9      | Found a basalt altar of Yredelemnul.
  8440 | D:9      | Reached skill level 13 in Stealth
  8632 | D:9      | Found a staircase to the Lair.
  9183 | D:10     | Entered Level 10 of the Dungeon
  9254 | D:10     | Noticed Psyche
  9267 | D:10     | Killed Psyche
  9293 | D:10     | Reached skill level 14 in Stealth
  9310 | D:10     | Noticed a two-headed ogre
  9316 | D:10     | Killed a two-headed ogre
  9317 | D:10     | Reached skill level 10 in Short Blades
  9317 | D:10     | Reached skill level 1 in Shields
  9430 | D:10     | Reached skill level 15 in Stealth
  9503 | D:10     | Noticed a two-headed ogre
  9600 | D:10     | Killed a two-headed ogre
 10125 | D:10     | Reached XP level 11. HP: 11/48 MP: 3/16
 10651 | D:11     | Noticed a red ugly thing
 10670 | D:11     | Killed a red ugly thing
 10746 | D:11     | Found a staircase to the Orcish Mines.
 11000 | D:11     | Reached skill level 1 in Armour
 11585 | Orc:1    | Entered Level 1 of the Orcish Mines
 11589 | Orc:1    | You fall into a shaft and drop 1 floor!
 11589 | Orc:2    | Entered Level 2 of the Orcish Mines
 11589 | Orc:2    | Noticed Jorgrun
 11598 | Orc:2    | Noticed an orc high priest
 11599 | Orc:2    | Noticed an orc knight
 11608 | Orc:1    | Reached skill level 5 in Fighting
 12006 | Orc:2    | Found a staircase to the Elven Halls.
 12007 | Orc:2    | Killed from afar by Jorgrun

Illustrated notes

Levels and vault maps discovered:
D:1:      lightli_arrival_boilingwater, layout_loops_ring,
          shapermc_ecumenical_altar_totnotflames, minmay_misc_feat_rugged,
          hangedman_feature_mirror, st_stairs_2
D:2:      wander_river, layout_basic, st_stairs_8
D:3:      layout_loops_ring, minmay_misc_feat_cross, uniq_jessica
D:4:      layout_basic, mainiacjoe_overflow_concentric_impassable,
          patterned_corridor, uniq_eustachio, uniq_blork_the_orc, uniq_ijyb,
          uniq_edmund
D:5:      layout_cave_pools, kennysheep_mini_moat,
          nicolae_qazlal_general_emergency, nicolae_vehumet_radiance,
          solitary_fountain
D:6:      layout_basic, mainiacjoe_overflow_surrounded_room,
          minmay_temple_entry_glassed_door, serial_shops,
          nicolae_shop_tiny_waterfront, chequers_serial_rivers_micro_a
D:7:      layout_basic, overflow_temple_1_default, serial_rivers,
          chequers_serial_rivers_micro_e, chequers_serial_rivers_micro_d,
          chequers_serial_rivers_micro_d, chequers_serial_rivers_small_b,
          chequers_serial_rivers_micro_d, st_stairs_1, uniq_duvessa
D:8:      layout_basic, serial_shops, shop
D:9:      layout_basic, mainiacjoe_overflow_boulevard, lair_entry_dummy,
          enter_bailey_6
D:10:     layout_layer_cave, uniq_psyche
D:11:     layout_long_grid, david_orc_5
Orc:1:    layout_caves, roderic_batcave
Orc:2:    st_orc_pillars, layout_diamond_mine, basic_altar, uniq_jorgrun

Skill      XL: |  1  2  3  4  5  6  7  8  9 10 11 |
---------------+----------------------------------+-----
Dodging        | 3 4 5 6 7 8 9 |  9.4
Fighting       | 1 2 3 4 5 |  5.0
Axes           | 1 |  1.4
Stealth        | 1 3 4 6 8 9 12 15 | 15.9
Short Blades   | 2 4 5 7 9 10 | 10.9
Shields        | 2 |  2.7
Armour         | 1 |  1.7
Unarmed Combat | |  2.4
Spellcasting   | |  2.6
Transmutations | |  2.6
Evocations     | |  0.9

Action                     |  1- 3 |  4- 6 |  7- 9 | 10-12 || total
---------------------------+-------+-------+-------+-------++-------
  Melee: Hand axe          |    70 |       |       |       ||    70
         Punch             |     2 |     4 |     5 |       ||    11
         Kick              |     1 |       |       |       ||     1
         Dagger            |    85 |   114 |       |       ||   199
         Rapier            |       |     5 |   220 |   222 ||   447
   Cast: Beastly Appendage |     1 |       |       |       ||     1
 Invoke: Recall Ancestor   |     5 |     8 |    18 |    15 ||    46
         Ancestor Life: Ba |     1 |       |       |       ||     1
  Evoke: Wand              |       |       |       |     2 ||     2
    Use: Scroll            |     2 |     4 |     9 |     5 ||    20
         Potion            |       |     2 |       |       ||     2
   Stab: Sleeping          |     5 |     7 |    27 |    11 ||    50
         Distracted        |       |     2 |     3 |     3 ||     8
 Armour: Robe              |    12 |     2 |     9 |     2 ||    25
         Acid dragon scale |       |       |       |    16 ||    16
  Dodge: Dodged            |   103 |    70 |   156 |   173 ||   502
  Block: Buckler           |       |       |     1 |    43 ||    44
